 Dungeon Crawl Stone Soup version 0.20-a0-2-g2b0e13a (webtiles) character file.

940 Naow the Skirmisher (level 8, -2/88 HPs)
             Began as an Ogre Hunter on Oct 28, 2016.
             Was a Believer of the Shining One.
             Slain by Edmund
             ... wielding a +2 dire flail of crushing
              (3 damage)
             ... on level 5 of the Dungeon.
             The game lasted 00:08:32 (5339 turns).

Naow the Skirmisher (Ogre Hunter)                   Turns: 5339, Time: 00:08:32

Health: -2/88      AC:  4    Str: 24    XL:     8   Next: 12%
Magic:  9/11       EV: 10    Int: 12    God:    the Shining One [**....]
Gold:   211        SH: 11    Dex: 10    Spells: 0 memorised, 7 levels left

rFire  + . .     SeeInvis .     r - +0 mace
rCold  . . .     Gourm    .     b - +0 robe
rNeg   + . .     Faith    .     (no shield)
rPois  .         Spirit   .     (helmet restricted)
rElec  .         Reflect  +     y - +0 cloak
rCorr  .         Harm     .     (gloves unavailable)
MR     .....                    (boots unavailable)
Stlth  +.........               k - +3 amulet of reflection
                                B - ring of protection from fire
                                x - +2 ring of intelligence

@: divine shield, glowing, invisible (but backlit and visible)
A: unfitting armour, strong 2, tough skin 1
a: Divine Shield, Renounce Religion


You were on level 5 of the Dungeon.
You worshipped the Shining One.
The Shining One was pleased with you.
You were hungry.

You visited 1 branch of the dungeon, and saw 5 of its levels.

You collected 211 gold pieces.

Inventory:

Hand Weapons
 a - a +0 short sword
 h - a +0 club
 r - a +0 mace (weapon)
Missiles
 c - 5 large rocks (quivered)
 d - 2 throwing nets
Armour
 b - a +0 robe (worn)
 y - a +0 cloak (worn)
 E - a +0 buckler
Jewellery
 k - a +3 amulet of reflection (around neck)
 x - a +2 ring of intelligence (left hand)
 B - a ring of protection from fire (right hand)
Scrolls
 e - a scroll of remove curse {unknown}
 j - a scroll of amnesia {unknown}
 l - a scroll of enchant weapon {unknown}
 n - a scroll of enchant armour {unknown}
 o - 2 scrolls of random uselessness {unknown}
 p - a scroll of noise {unknown}
 q - 6 scrolls of identify {unknown}
 v - 2 scrolls of magic mapping {unknown}
 w - 2 scrolls of immolation {unknown}
 z - 2 scrolls of fog {unknown}
 A - a scroll of fear {unknown}
 D - a scroll of teleportation {unknown}
Potions
 g - a potion of invisibility
 s - 2 potions of heal wounds {unknown}
 t - a potion of magic {unknown}
 C - a potion of mutation
Comestibles
 f - 3 bread rations
 i - 2 meat rations
 m - 2 royal jellies
 u - 2 fruits


   Skills:
 + Level 7.8 Fighting
 + Level 7.4 Maces & Flails
 - Level 4.0 Throwing
 - Level 1.7 Dodging
 - Level 0.6 Stealth
 + Level 4.1 Invocations


You had 7 spell levels left.
You didn't know any spells.

Dungeon Overview and Level Annotations

Branches:
Dungeon (5/15)
 Temple: D:4-7

Altars:
Cheibriados
Fedhas
Okawaru
The Shining One

Annotations:
D:2 Sigmund
D:5 Edmund


Innate Abilities, Weirdness & Mutations

You are too large for most types of armour.
You have tough skin. (AC +1)
Your muscles are very strong. (Str +4)


Message History

You hit Edmund but do no damage.
Edmund is heavily wounded.
Edmund hits you with a dire flail of crushing.
You hit Edmund but do no damage.
Edmund is heavily wounded.
Edmund hits you with a dire flail of crushing!
You hit Edmund but do no damage.
Edmund is heavily wounded.
Edmund hits you with a dire flail of crushing!
* * * LOW HITPOINT WARNING * * *
x2 It was a potion of mutation.
You feel extremely strange.
You feel stronger. x2
Edmund hits you with a dire flail of crushing!
* * * LOW HITPOINT WARNING * * *
x2
Okay, then.
It was a potion of invisibility.
You become transparent, but the glow from your halo prevents you from becoming completely invisible.
Edmund hits you with a dire flail of crushing!
* * * LOW HITPOINT WARNING * * *
You die...

#.......##..#
#.#######.#..# #.#
#.###.# #.#
##.#..# #####.#
...# ......# #..#
####..#########..#
..##..>.........@#
#.##.....#######@#
#........# #.#
......_..# #.#
#..#.....#######.#
#..#......>......#
#.<####...########
#.....#####
##.##.# #.##.#


You could see Edmund.

Vanquished Creatures
  Menkaure (D:4)
  A phantom (D:4)
  A necrophage (D:4)
  2 scorpions (D:4)
  2 crimson imps
  A quasit (D:4)
  A hound (D:4)
  3 orc priests
  An orc wizard (D:4)
  2 worker ants (D:4)
  2 hound skeletons
  Robin (D:4)
  2 worker ant zombies (D:5)
  6 adders
  A shadow imp (D:5)
  An ooze (D:1)
  2 adder skeletons (D:4)
  2 worms
  A dart slug (D:1)
  A leopard gecko (D:3)
  18 orcs
  4 giant cockroaches
  20 goblins
  11 hobgoblins
  4 jackals (D:4)
  4 quokkas
  2 ball pythons
  2 bats
  3 frilled lizards
  A jackal zombie (D:5)
  9 kobolds
  5 rats
117 creatures vanquished.

Notes
Turn   | Place    | Note
-------+----------+-------------------------------------------
     0 | D:1      | Naow the Ogre Hunter began the quest for the Orb.
     0 | D:1      | Reached XP level 1. HP: 22/22 MP: 1/1
   177 | D:1      | Reached skill level 1 in Maces & Flails
   232 | D:1      | Reached XP level 2. HP: 31/31 MP: 2/2
   674 | D:1      | Reached XP level 3. HP: 39/39 MP: 3/3
   999 | D:2      | Noticed Sigmund
  1596 | D:2      | Found a glowing golden altar of the Shining One.
  1599 | D:2      | Became a worshipper of the Shining One
  1934 | D:3      | Reached XP level 4. HP: 6/49 MP: 4/4
  2234 | D:3      | Found a snail-covered altar of Cheibriados.
  2555 | D:3      | Found a faded altar of an unknown god.
  2584 | D:3      | Reached skill level 5 in Fighting
  2584 | D:3      | Reached XP level 5. HP: 55/57 MP: 5/5
  3220 | D:4      | Reached * piety under the Shining One
  3222 | D:4      | Noticed Robin
  3233 | D:4      | Reached skill level 1 in Invocations
  3240 | D:4      | Reached XP level 6. HP: 67/67 MP: 6/6
  3254 | D:4      | Reached skill level 5 in Maces & Flails
  3261 | D:4      | Killed Robin
  3459 | D:4      | Noticed Menkaure
  3469 | D:4      | Killed Menkaure
  3469 | D:4      | Reached XP level 7. HP: 30/76 MP: 8/8
  4235 | D:4      | Reached ** piety under the Shining One
  4721 | D:4      | Reached XP level 8. HP: 74/87 MP: 11/11
  4763 | D:5      | Entered Level 5 of the Dungeon
  4864 | D:5      | Found an iron altar of Okawaru.
  5014 | D:5      | Found a blossoming altar of Fedhas.
  5316 | D:5      | Noticed Edmund
  5338 | D:5      | Gained mutation: Your muscles are strong. (Str +2) [potion of mutation]
  5338 | D:5      | Gained mutation: Your muscles are very strong. (Str +4) [potion of mutation]
  5339 | D:5      | HP: 1/88 [Edmund/dire flail of crushing (8)]
  5339 | D:5      | Slain by Edmund

Vault maps used:
D:1:      eino_arrival_cavern_e
D:2:      tso_oasis_becter, first_bread, uniq_sigmund, uniq_terence
D:3:      cheibriados_altar_1, ecumenical_altar_1
D:4:      uniq_menkaure, uniq_robin
D:5:      basic_altar, minmay_ruined_shrine, uniq_edmund

Skill      XL: |  1  2  3  4  5  6  7 |
---------------+----------------------+-----
Fighting       | 3 4 5 6 7 |  7.8
Maces & Flails | 1 2 3 4 5 7 |  7.4
Invocations    | 1 2 4 |  4.1
Throwing       | |  4.0
Dodging        | |  1.7
Stealth        | |  0.6

Action                   |  1- 3 |  4- 6 |  7- 9 || total
-------------------------+-------+-------+-------++-------
Melee: Short sword       |    89 |       |       ||    89
       Mace              |    80 |   152 |   166 ||   398
Invok: Divine Shield     |       |       |     1 ||     1
  Use: Potion            |     2 |     4 |     2 ||     8
 Stab: Distracted        |     1 |       |       ||     1
       Sleeping          |     2 |       |       ||     2
  Eat: Chunk             |     3 |     6 |     5 ||    14
Armor: Robe              |    33 |    24 |    47 ||   104
       Skin              |    20 |    70 |       ||    90
Dodge: Dodged            |    74 |    77 |    79 ||   230
Block: Other             |       |    12 |    28 ||    40
